Map: Dusk Towers

Players

Bordan

  • Race: Protoss Protoss
  • League: Master

FireCake - Winner!

  • Race: Zerg Zerg
  • League: Grandmaster

Event: Gauntlet LotV Series 1 Qualifier 2

VOD

Have the link to the VOD?

Description

Time

  • Played on: Dec. 5, 2015, 1:56 p.m.
  • Length: 13:10

All games in this series

Show
View Real Time Build Order
Export as new Build Order

Bordan Protoss 

Build Orders: Nexus First, Colossus Rush 

Get SALT Encoding   

  12  0:01  Probe (Chrono Boost)  
  13  0:12  Probe (Chrono Boost)  
  14  0:17  Pylon  
  14  0:22  Probe (Chrono Boost)  
  15  0:36  Probe (Chrono Boost)  
  16  0:46  Probe (Chrono Boost)  
  17  0:57  Nexus  
  17  1:02  Probe (Chrono Boost)  
  18  1:10  Gateway  
  18  1:14  Probe (Chrono Boost)  
  19  1:24  Probe (Chrono Boost), Assimilator  
  20  1:26  Assimilator  
  20  1:35  Probe (Chrono Boost)  
  20  1:38  Pylon  
  21  1:45  Probe (Chrono Boost)  
  22  1:56  Probe (Chrono Boost)  
  22  2:01  Zealot  
  25  2:02  Cybernetics Core  
  25  2:07  Probe (Chrono Boost)  
  26  2:10  Probe (Chrono Boost)  
  27  2:17  Probe (Chrono Boost)  
  27  2:21  Probe (Chrono Boost)  
  29  2:28  Probe (Chrono Boost)  
  30  2:31  Probe (Chrono Boost)  
  31  2:38  Stalker, Probe (Chrono Boost), Warp Gate  
  31  2:42  Probe (Chrono Boost)  
  35  2:47  Robotics Facility  
  35  2:49  Probe (Chrono Boost)  
  36  2:52  Probe (Chrono Boost)  
  37  2:59  Probe (Chrono Boost)  
  37  3:03  Probe (Chrono Boost)  
  39  3:08  Adept  
  39  3:10  Probe (Chrono Boost)  
  42  3:13  Probe (Chrono Boost)  
  42  3:14  Pylon  
  43  3:21  Probe (Chrono Boost)  
  43  3:24  Probe (Chrono Boost)  
  45  3:35  Robotics Bay, Warp Prism  
  45  3:39  Probe (Chrono Boost)  
  47  3:42  Forge  
  47  3:44  Assimilator  
  47  3:46  Probe (Chrono Boost)  
  48  3:50  Probe (Chrono Boost)  
  48  3:54  Sentry  
  51  3:58  Pylon x2  
  51  4:00  Mothership Core (Chrono Boost)  
  51  4:02  Assimilator  
  53  4:05  Probe (Chrono Boost)  
  54  4:16  Probe (Chrono Boost)  
  55  4:19  Probe (Chrono Boost), Disruptor (Chrono Boost)  
  59  4:24  Gateway  
  59  4:25  Gateway  
  59  4:26  Probe, Gravitic Drive (Chrono Boost)  
  60  4:32  Probe  
  60  4:37  Protoss Ground Weapons Level 1  
  61  4:38  Probe  
  61  4:41  Pylon  
  61  4:44  Probe  
  63  4:48  Colossus  
  63  4:50  Probe  
  64  4:59  Probe  
  71  5:04  Nexus  
  71  5:06  Pylon  
  71  5:09  Probe  
  71  5:11  Probe  
  71  5:12  Sentry  
  75  5:16  Pylon  
  75  5:21  Probe  
  76  5:23  Probe  
  77  5:34  Colossus  
  76  5:38  Probe  
  76  5:40  Stalker x3  
  89  5:56  Gateway  
  89  5:57  Gateway  
  89  6:00  Gateway  
  89  6:09  Sentry x2  
  93  6:14  Gateway  
  93  6:15  Pylon  
  93  6:17  Pylon  
  93  6:20  Probe  
  93  6:21  Probe x2  
  93  6:24  Colossus  
  96  6:31  Probe  
  103  6:33  Probe x2  
  103  6:34  Protoss Ground Armor Level 1  
  103  6:37  Assimilator  
  105  6:41  Assimilator  
  105  6:54  Stalker x3  
  107  6:58  Probe, Pylon  
  107  6:59  Pylon  
  107  7:00  Probe x2, Pylon  
  114  7:11  Stalker x3  
  114  7:12  Probe  
  122  7:27  Twilight Council  
  122  7:29  Forge  
  122  7:31  Pylon, Photon Cannon  
  122  7:32  Photon Cannon x2  
  122  7:34  Photon Cannon  
  121  7:38  Photon Cannon  
  121  7:44  Sentry x3, Stalker  
  121  7:50  Photon Cannon  
  127  8:00  Disruptor  
  127  8:03  Probe x2  
  127  8:04  Stargate x2, Blink  
  108  8:26  Zealot x2  
  108  8:27  Zealot x4  
  106  8:28  Zealot  
  106  8:34  Disruptor, Protoss Ground Weapons Level 2  
  117  8:43  Mothership Core  
  119  8:52  Phoenix x2 (Chrono Boost)  
  122  8:58  Fleet Beacon  
  122  9:02  Probe  
  122  9:03  Probe  
  122  9:04  Probe  
  125  9:14  Phoenix x2 (Chrono Boost)  
  125  9:17  Colossus  
  129  9:18  Probe x2  
  131  9:28  Zealot x3  
  131  9:29  Zealot  
  139  9:36  Phoenix (Chrono Boost)  
  127  9:42  Zealot x3  
  100  9:57  Stalker x4  
  102  10:06  Phoenix x2 (Chrono Boost)  
  106  10:10  Colossus (Chrono Boost)  
  112  10:14  Anion Pulse-Crystals  
  112  10:17  Nexus  
  111  10:24  Zealot x5  
  111  10:25  Zealot x2  
  125  10:33  Phoenix (Chrono Boost)  
  127  10:37  Nexus  
  109  10:52  Adept x3  
  109  10:53  Adept x3  
  109  10:54  Adept  
  123  10:59  Pylon  
  126  11:04  Disruptor (Chrono Boost)  
  126  11:10  Dark Shrine  
  126  11:19  Sentry x2  
  126  11:20  Sentry, Adept  
  134  11:32  Stalker  
  134  11:33  Stalker x2  
  134  11:35  Warp Prism (Chrono Boost)  
  134  11:37  Probe  
  134  11:38  Probe  
  144  11:43  Assimilator  
  142  11:47  Probe  
  142  11:48  Assimilator  
  142  11:50  Probe  
  142  11:52  Stalker x2  
  142  11:53  Stalker x2  
  152  12:02  Stalker x2  
  152  12:03  Zealot  
  152  12:06  Disruptor (Chrono Boost), Pylon  
  132  12:25  Dark Templar x3  
  132  12:26  Zealot x4  
  88  12:50  Stalker x4  
  84  13:04  Stalker x3  
Show
View Real Time Build Order
Export as new Build Order

FireCake Zerg - Winner!

Build Orders: 3 Hatch before Pool, Lurkers 

Get SALT Encoding   

  12  0:01  Drone  
  13  0:08  Drone  
  14  0:17  Overlord  
  14  0:27  Extractor  
  14  0:28  Drone  
  14  0:29  Drone, Extractor  
  14  0:35  Drone  
  17  0:52  Hatchery  
  17  0:55  Drone  
  17  0:59  Drone  
  18  1:06  Drone  
  19  1:21  Hatchery  
  19  1:25  Drone  
  19  1:28  Drone  
  19  1:31  Extractor  
  19  1:39  Drone  
  20  1:45  Spawning Pool  
  19  1:50  Drone  
  20  1:59  Drone  
  21  2:05  Drone  
  22  2:10  Drone  
  22  2:15  Drone  
  24  2:21  Drone  
  25  2:25  Drone  
  26  2:32  Queen x2  
  26  2:33  Queen  
  26  2:36  Metabolic Boost  
  32  2:42  Overlord  
  32  2:44  Drone  
  32  2:46  Drone  
  32  2:50  Overlord  
  34  2:56  Extractor x2  
  34  2:58  Drone x2  
  34  3:05  Drone x4  
  40  3:09  Queen  
  42  3:16  Zergling x6  
  42  3:18  Zergling x2  
  46  3:26  Overlord  
  46  3:29  Drone x2  
  48  3:38  Drone x2  
  48  3:41  Overlord x2, Extractor  
  50  3:42  Extractor  
  50  3:43  Drone  
  50  3:47  Drone x8  
  57  3:53  Spore Crawler, Drone  
  57  3:55  Spore Crawler  
  56  3:59  Spore Crawler  
  55  4:04  Drone  
  55  4:05  Roach Warren  
  55  4:07  Evolution Chamber, Drone  
  55  4:12  Drone x3  
  58  4:20  Drone x6  
  58  4:21  Drone  
  58  4:23  Drone  
  66  4:24  Drone  
  66  4:30  Overlord  
  66  4:31  Overlord  
  67  4:33  Overlord  
  67  4:35  Drone  
  68  4:39  Zerg Missile Weapons Level 1  
  68  4:42  Lair  
  67  4:48  Drone x5  
  72  4:55  Roach x3, Extractor  
  72  4:56  Roach, Extractor  
  78  5:01  Roach x2  
  78  5:02  Roach  
  84  5:07  Roach  
  84  5:08  Roach x2  
  90  5:14  Drone  
  90  5:15  Drone  
  92  5:28  Extractor  
  91  5:39  Drone x3  
  91  5:41  Drone x3  
  91  5:42  Drone x2, Spire  
  98  5:59  Overlord x5  
  98  6:09  Hatchery  
  98  6:11  Drone  
  98  6:16  Hatchery  
  97  6:20  Glial Reconstitution  
  97  6:22  Overseer  
  97  6:31  Drone x4  
  98  6:35  Zerg Melee Weapons Level 1  
  98  6:37  Drone x3  
  98  6:38  Drone x2  
  103  6:40  Overlord  
  103  6:45  Drone x4  
  103  6:46  Drone  
  103  6:47  Drone x6  
  111  6:57  Extractor  
  111  7:00  Extractor  
  111  7:01  Mutalisk x9  
  109  7:04  Drone x3  
  130  7:15  Hydralisk Den  
  130  7:19  Zerg Flyer Weapons Level 1  
  130  7:20  Overlord x5  
  127  7:34  Hatchery  
  126  7:38  Infestation Pit, Zergling x30  
  126  7:40  Ravager  
  126  7:41  Ravager x4  
  126  7:43  Zergling x2  
  126  7:44  Zergling x2  
  145  8:01  Mutalisk  
  145  8:02  Mutalisk x3  
  145  8:03  Zergling x2  
  145  8:04  Zergling x26  
  148  8:17  Mutalisk x4  
  141  8:23  Mutalisk  
  141  8:26  Zergling x2  
  141  8:27  Zergling x10  
  138  8:31  Hive  
  139  8:34  Zergling x2  
  139  8:35  Zergling x4  
  139  8:36  Zerg Melee Weapons Level 2  
  142  8:53  Zergling x28  
  156  8:56  Queen  
  158  9:04  Mutalisk  
  158  9:05  Mutalisk x5  
  158  9:07  Overlord  
  170  9:12  Muscular Augments  
  170  9:14  Zergling x8  
  172  9:24  Mutalisk  
  172  9:25  Mutalisk x2  
  177  9:37  Zergling x4  
  177  9:38  Zergling x28  
  144  9:48  Hydralisk x6  
  144  9:52  Adrenal Glands  
  137  9:56  Hydralisk x3  
  135  10:00  Hydralisk  
  135  10:01  Hydralisk x2  
  135  10:02  Zergling x10  
  135  10:03  Zergling x2  
  141  10:08  Hydralisk x3  
  147  10:26  Viper x2  
  153  10:30  Zergling x2  
  153  10:31  Zergling x30  
  169  10:42  Hydralisk x6  
  144  10:54  Zergling x4  
  144  10:55  Zergling x20  
  152  11:11  Hydralisk  
  152  11:12  Hydralisk x2  
  152  11:15  Lurker Den  
  152  11:17  Zergling x12  
  152  11:18  Zergling x6  
  166  11:48  Overlord x2  
  166  11:51  Overlord  
  166  11:53  Hatchery  
  165  11:54  Hydralisk  
  165  11:55  Hydralisk x9  
  165  11:56  Zergling x2  
  165  11:57  Ultralisk Cavern  
  165  12:00  Pneumatized Carapace  
  185  12:02  Overseer  
  177  12:24  Hydralisk  
  177  12:25  Zergling x14  
  177  12:26  Zergling x32  
  190  12:36  Hydralisk, Zergling x2  
  180  12:37  Zergling x14  
  172  12:49  Zergling x8  
  172  12:56  Lurker x4  
  172  12:57  Lurker  
Tags
 
Add a new tag
Caveats
  • Supply blocks, unpowered buildings, or Contaminate may cause inaccurate times.
  • Supply counts are checked every 10 seconds.